 Dungeon Crawl Stone Soup version 0.29-a0-613-gf2c431b9b9 (webtiles) character file.

Game seed: 11882170864976707793

140 zishaf the Slasher (level 4, -6/38 HPs)
             Began as a Demigod Wanderer on June 16, 2022.
             Mangled by Crazy Yiuf
             ... wielding a +3 quarterstaff of chaos
              (9 damage)
             ... on level 2 of the Dungeon.
             The game lasted 00:04:39 (2785 turns).

zishaf the Slasher (Demigod Wanderer)               Turns: 2785, Time: 00:04:41

Health: -6/38      AC:  5    Str: 11    XL:     4   Next: 71%
Magic:  9/9        EV: 10    Int: 15    God:
Gold:   71         SH:  0    Dex: 18    Spells: 6/6 levels left

rFire   + . .      SeeInvis .   w - +2 long sword (holy)
rCold   . . .      Faith    .   (no shield)
rNeg    . . .      Spirit   .   h - +0 ring mail
rPois   .          Reflect  .   (no helmet)
rElec   .          Harm     .   (no cloak)
rCorr   .          Rampage  .   (no gloves)
Will    .....                   (no boots)
Stlth   +.........              r - amulet of magic regeneration
HPRegen 0.12/turn               n - ring of wizardry
MPRegen 0.51/turn               p - ring of protection from fire

@: lethally poisoned (-6 -> -16)
A: high MP 1, forlorn, divine attributes
a: no special abilities


You were on level 2 of the Dungeon.
You visited 1 branch of the dungeon, and saw 2 of its levels.

You collected 71 gold pieces.

Inventory:

Hand Weapons
 a - a +2 falchion
 b - a +0 short sword
 d - a +0 dagger
 w - a +2 long sword of holy wrath (weapon)
Missiles
 c - 15 poisoned darts (quivered)
 l - 3 datura-tipped darts
Armour
 f - a +0 robe
 h - a +0 ring mail (worn)
Jewellery
 n - a ring of wizardry (left hand)
 p - a ring of protection from fire (right hand)
 r - an amulet of magic regeneration (around neck)
Scrolls
 e - 2 scrolls of immolation {unknown}
 j - a scroll of identify {unknown}
 k - 2 scrolls of teleportation {unknown}
 m - 2 scrolls of fear {unknown}
 o - 2 scrolls of summoning {unknown}
 u - a scroll of blinking {unknown}
 y - a scroll of enchant armour {unknown}
Potions
 g - a potion of berserk rage
 i - 2 potions of ambrosia {unknown}
 q - a potion of might {unknown}
 s - a potion of flight {unknown}
 t - 2 potions of degeneration {unknown}
 v - 2 potions of cancellation {unknown}
 x - a potion of curing {unknown}


   Skills:
 + Level 3.0 Fighting
 - Level 1.0(2.5) Short Blades
 + Level 3.7(3.8) Long Blades
 - Level 2.0 Throwing
 - Level 1.0 Armour
 - Level 1.0 Dodging
 + Level 1.9 Spellcasting


You had 6 spell levels left.
You didn't know any spells.
Your spell library contained the following spells:

 Spells                   Type           Power      Damage    Failure   Level
 Hailstorm                Conj/Ice       1%         3d3       88%         4
 Iron Shot                Conj/Erth      0%         9d1       100%        6
 Simulacrum               Ice/Necr       0%         N/A       100%        6


Dungeon Overview and Level Annotations

Branches:
Dungeon (2/15)

Annotations:
D:2 Crazy Yiuf


Innate Abilities, Weirdness & Mutations

You have an increased reservoir of magic. (+10% MP)
You shall have no god before yourself.
Your divine heritage dramatically boosts your attributes as you level up.


Message History

Found a mace.
Found a runed translucent door.
Crazy Yiuf grits, "Mugger!
Key head bush."
You see here a +0 mace.
You see here a hobgoblin corpse.
There is an open door here.
You see here a +0 dagger.
You see here a +0 dagger.
There is an open door here.
Things that are here:
a +0 dagger; a +0 robe You see here a hobgoblin skeleton.
Crazy Yiuf flaps his cloak.
You open the door. You slash Crazy Yiuf!
Crazy Yiuf is heavily wounded.
Crazy Yiuf barely misses you.
Crazy Yiuf twirls on the spot.
Crazy Yiuf hits you with a +3 quarterstaff of chaos.
You closely miss Crazy Yiuf.
Crazy Yiuf is heavily wounded.
Crazy Yiuf cries, "Ice sallow sanguine!"
Crazy Yiuf hits you with a +3 quarterstaff of chaos!
You hit Crazy Yiuf but do no damage.
Crazy Yiuf is heavily wounded.
Crazy Yiuf closely misses you.
You closely miss Crazy Yiuf.
Crazy Yiuf is heavily wounded.
Crazy Yiuf hits you with a +3 quarterstaff of chaos!
You closely miss Crazy Yiuf.
Crazy Yiuf is heavily wounded.
Crazy Yiuf hits you with a +3 quarterstaff of chaos.
* * * LOW HITPOINT WARNING * * *
You are lethally poisoned!
You barely miss Crazy Yiuf.
Crazy Yiuf is heavily wounded.
* * * LOW HITPOINT WARNING * * *
You feel very sick.
Crazy Yiuf says, "Cholesterol!
Proton illywillydillykilly action."
Crazy Yiuf hits you with a +3 quarterstaff of chaos!
You die...

################.#
#.# #.# ###
###♣♣♣♣♣
##.#..♣.♣♣♣ ###
##......♣..♣#...#
#....).♣♣♣♣@g...#
##...#.♣♣ ♣♣#..)#
#####..###♣♣ ###
........#
#########


You could see Crazy Yiuf.

Vanquished Creatures
  A scorpion (D:2)
  Jessica (D:2)
  An adder (D:2)
  2 worms (D:2)
  A dart slug (D:1)
  7 ball pythons
  2 endoplasms
  2 giant cockroaches (D:2)
  4 goblins
  A hobgoblin (D:2)
  2 quokkas (D:1)
  6 bats
  3 frilled lizards
  3 kobolds
  3 rats
39 creatures vanquished.

Notes
Turn   | Place    | Note
-------+----------+-------------------------------------------
     0 | D:1      | zishaf the Demigod Wanderer began the quest for the Orb.
     0 | D:1      | zishaf set off with the following items: a +2 falchion, a
                  | +0 short sword, 12 poisoned darts, a +0 dagger, a potion of
                  | heal wounds, a +0 robe.
     0 | D:1      | Reached XP level 1. HP: 17/17 MP: 3/3
   180 | D:1      | Got the Grimoire of Dusty Snow
   248 | D:1      | Reached XP level 2. HP: 20/24 MP: 4/4
   981 | D:2      | Noticed Jessica
   990 | D:2      | Killed Jessica
   991 | D:2      | Reached skill level 1 in Spellcasting
   991 | D:2      | Reached XP level 3. HP: 2/30 MP: 5/7
  1485 | D:2      | Noticed a scorpion
  1502 | D:2      | Killed a scorpion
  1503 | D:2      | Reached XP level 4. HP: 12/38 MP: 7/9
  2528 | D:2      | Found a runed translucent door.
  2529 | D:2      | Noticed Crazy Yiuf
  2785 | D:2      | Mangled by Crazy Yiuf

Illustrated notes

Levels and vault maps discovered:
D:1:      dpeg_arrival_pits, layout_basic, minivault_4
D:2:      layout_basic, minmay_strange_pillars, uniq_crazy_yiuf_cottage,
          uniq_jessica

Skill      XL: |  1  2  3 |
---------------+----------+-----
Fighting       | 2 3 |  3.0
Throwing       | 2 |  2.0
Long Blades    | 3 |  3.7
Spellcasting   | 1 |  1.9
Short Blades   | |  1.0
Armour         | |  1.0
Dodging        | |  1.0

Action                   |  1- 3 |  4- 6 || total
-------------------------+-------+-------++-------
Melee: Falchion          |    78 |    21 ||    99
       Long sword        |       |    16 ||    16
  Use: Potion            |     2 |       ||     2
 Stab: Sleeping          |     1 |       ||     1
Armor: Ring mail         |    21 |    12 ||    33
Dodge: Dodged            |    48 |    17 ||    65

Table legend: (Time is in decaauts)
 A = Elapsed time spent in this place.
 B = Non-inter-level travel time spent in this place.
 C = Inter-level travel time spent in this place.
 D = Time resting spent in this place.
 E = Time spent auto-exploring this place.
 F = Levels seen in this place.
 G = Mean time per level.
                   A        B        C        D        E       F      G
               +--------+--------+--------+--------+--------+-----+--------+
         Total |   2806 |   2783 |     23 |    555 |   1900 |   2 | 1403.0 |
       Dungeon |   2806 |   2783 |     23 |    555 |   1900 |   2 | 1403.0 |
               +--------+--------+--------+--------+--------+-----+--------+

Top non-repeatable levels by time:
     D:2: 2001 daAuts
     D:1: 805 daAuts
